PL
BOSTON PATRIOTS @ RICHARDSON CITY THUNDERCATS
06/19/2027
 
TOP OF THE 1ST
Boston Patriots batting - Pitching for Richardson City Thundercats : LHP Jesús Gonzáles
Pitching: LHP Jesús Gonzáles
Batting: RHB Tamasaburo Kato 0-0: Ball
1-0: Foul Ball, location: 2F
1-1: Ball
2-1: Foul Ball, location: 2F
2-2: Ball
3-2: Base on Balls
Batting: LHB Ramón Félix 0-0: Ball
1-0: Called Strike
1-1: Ball
2-1: Ball
3-1: Foul Ball, location: 2F
3-2: Foul Ball, location: 2F
3-2: Ground out 4-3 (Groundball, 4S)
Tamasaburo Kato to second
Batting: RHB John Downing 0-0: Swinging Strike
0-1: Ball
1-1: Ball
2-1: Ball
3-1: SINGLE (Groundball, 6MD)
Tamasaburo Kato to third
Runner from 3rd tries for Home, SAFE, throw made home
John Downing to second
Batting: RHB Terry Armstrong 0-0: Ground out 6-3 (Groundball, 6)
Batting: RHB Karl Schultz 0-0: Ball
1-0: Ball
2-0: Ball
3-0: Called Strike
3-1: Foul Ball, location: 2F
3-2: Strikes out swinging
Top of the 1st over - 1 run(s), 1 hit(s), 0 error(s), 1 left on base; Boston 1 - Richardson City 0
BOTTOM OF THE 1ST
Richardson City Thundercats batting - Pitching for Boston Patriots : RHP John Kaufman
Pitching: RHP John Kaufman
Batting: RHB Juan Cabrera 0-0: Foul Ball, location: 2F
0-1: SINGLE (Groundball, 6M) (infield hit)
Batting: RHB Tomás Martínez 0-0: Ball
1-0: Swinging Strike
1-1: Ball
2-1: Swinging Strike
2-2: Foul Ball, location: 2F
2-2: Strikes out swinging
Batting: RHB Chriss Mann 0-0: Ball
1-0: Fielders Choice at 2nd, 1-6 (Groundball, 13)
Batting: RHB Javier Rivera 0-0: Ball
1-0: Swinging Strike
1-1: Ball
2-1: SINGLE (Flyball, 78S)
Chriss Mann to second
Runner from 2nd tries for 3rd, SAFE, no throw
Pinch Runner at 3rd José Cruz:
Batting: SHB Mitch Qualtrough 0-0: Fielders Choice at 2nd, 4-6 (Groundball, 4)
Bottom of the 1st over - 0 run(s), 2 hit(s), 0 error(s), 1 left on base; Boston 1 - Richardson City 0
TOP OF THE 2ND
Boston Patriots batting - Pitching for Richardson City Thundercats : LHP Jesús Gonzáles
Now in RF: José Cruz
Batting: RHB Kade Knowles 0-0: Fly out, F8 (Flyball, 8RM)
Batting: RHB Gabriel Maldonado 0-0: Ball
1-0: Foul Ball, location: 2F
1-1: Ball
2-1: Foul Ball, location: 2F
2-2: Strikes out swinging
Batting: RHB Miguel Márquez 0-0: Foul Ball, location: 2F
0-1: Swinging Strike
0-2: Ball
1-2: SINGLE (Groundball, 4MD)
Batting: LHB Alberto Enríquez 0-0: Ball
1-0: Ball
2-0: Ball
3-0: Base on Balls
Miguel Márquez to second
Batting: RHB Tamasaburo Kato 0-0: Fly out, F9 (Flyball, 9LS)
Top of the 2nd over - 0 run(s), 1 hit(s), 0 error(s), 2 left on base; Boston 1 - Richardson City 0
BOTTOM OF THE 2ND
Richardson City Thundercats batting - Pitching for Boston Patriots : RHP John Kaufman
Batting: LHB Fernando Ramírez 0-0: Ground out U3 (Groundball, 34S)
Batting: RHB Joey Jones 0-0: Fly out, F9 (Flyball, 9LM)
Batting: LHB Terrence Eler 0-0: Ball
1-0: Swinging Strike
1-1: Ball
2-1: Ball
3-1: Base on Balls
Batting: LHB Carroll Martin 0-0: Foul Ball, location: 2F
0-1: Fielders Choice at 2nd, 5-4 (Groundball, 5)
Bottom of the 2nd over - 0 run(s), 0 hit(s), 0 error(s), 0 left on base; Boston 1 - Richardson City 0
TOP OF THE 3RD
Boston Patriots batting - Pitching for Richardson City Thundercats : LHP Jesús Gonzáles
Now in LF: Alan Elder
Batting: LHB Ramón Félix 0-0: Ball
1-0: Swinging Strike
1-1: Ball
2-1: Swinging Strike
2-2: Foul Ball, location: 2F
2-2: Strikes out swinging
Batting: RHB John Downing 0-0: Ball
1-0: Ball
2-0: SINGLE (Line Drive, 6D)
Batting: RHB Terry Armstrong 0-0: Ball
1-0: Ball
2-0: Ball
3-0: Grounds into double play, 6-4-3 (Groundball, 6)
Top of the 3rd over - 0 run(s), 1 hit(s), 0 error(s), 0 left on base; Boston 1 - Richardson City 0
BOTTOM OF THE 3RD
Richardson City Thundercats batting - Pitching for Boston Patriots : RHP John Kaufman
Batting: RHB Juan Cabrera 0-0: Ball
1-0: Ground out 6-3 (Groundball, 6S)
Batting: RHB Tomás Martínez 0-0: Called Strike
0-1: Ball
1-1: Ball
2-1: Ball
3-1: Swinging Strike
3-2: Strikes out swinging
Batting: RHB Alan Elder 0-0: Ball
1-0: Called Strike
1-1: Called Strike
1-2: Strikes out looking
Bottom of the 3rd over - 0 run(s), 0 hit(s), 0 error(s), 0 left on base; Boston 1 - Richardson City 0
TOP OF THE 4TH
Boston Patriots batting - Pitching for Richardson City Thundercats : LHP Jesús Gonzáles
Batting: RHB Karl Schultz 0-0: Swinging Strike
0-1: Foul Ball, location: 2F
0-2: Foul Ball, location: 2F
0-2: Strikes out looking
Batting: RHB Kade Knowles 0-0: Ball
1-0: Ground out 4-3 (Groundball, 4)
Batting: RHB Gabriel Maldonado 0-0: Ball
1-0: Ball
2-0: Called Strike
2-1: Ball
3-1: Foul Ball, location: 2F
3-2: Base on Balls
Batting: RHB Miguel Márquez 0-0: Ball
1-0: Ball
2-0: Ball
3-0: Called Strike
3-1: Fly out, F8 (Line Drive, 8RD)
Top of the 4th over - 0 run(s), 0 hit(s), 0 error(s), 1 left on base; Boston 1 - Richardson City 0
BOTTOM OF THE 4TH
Richardson City Thundercats batting - Pitching for Boston Patriots : RHP John Kaufman
Batting: RHB Javier Rivera 0-0: Called Strike
0-1: Ground out 6-3 (Groundball, 6)
Batting: SHB Mitch Qualtrough 0-0: Called Strike
0-1: Fly out, F9 (Line Drive, 89D)
Batting: LHB Fernando Ramírez 0-0: Ball
1-0: Foul Ball, location: 2F
1-1: Called Strike
1-2: Strikes out looking
Bottom of the 4th over - 0 run(s), 0 hit(s), 0 error(s), 0 left on base; Boston 1 - Richardson City 0
TOP OF THE 5TH
Boston Patriots batting - Pitching for Richardson City Thundercats : LHP Jesús Gonzáles
Batting: LHB Alberto Enríquez 0-0: Ball
1-0: Ground out U3 (Groundball, 34)
Batting: RHB Tamasaburo Kato 0-0: Ball
1-0: Swinging Strike
1-1: Ball
2-1: Ball
3-1: Base on Balls
Batting: LHB Ramón Félix 0-0: Ball
1-0: Foul Ball, location: 2F
1-1: Foul Ball, location: 2F
1-2: Ball
2-2: Grounds into double play, 4-6-3 (Groundball, 34)
Top of the 5th over - 0 run(s), 0 hit(s), 0 error(s), 0 left on base; Boston 1 - Richardson City 0
BOTTOM OF THE 5TH
Richardson City Thundercats batting - Pitching for Boston Patriots : RHP John Kaufman
Batting: RHB Joey Jones 0-0: Foul Ball, location: 2F
0-1: Foul Ball, location: 2F
0-2: DOUBLE (Line Drive, 8LD)
Batting: LHB Terrence Eler 0-0: Ball
1-0: Ball
2-0: Fly out, F7 (Flyball, 7D)
Runner from 2nd tags up, SAFE at 3rd, no throw
Batting: LHB Carroll Martin 0-0: Called Strike
0-1: Swinging Strike
0-2: Foul Ball, location: 2F
0-2: Ball
1-2: Ball
2-2: Foul Ball, location: 2F
2-2: Ball
3-2: SINGLE (Groundball, 34S) (infield hit)
Joey Jones scores
Batting: RHB Juan Cabrera 0-0: Ball
Carroll Martin steals 2nd base
1-0: Hit by Pitch
Batting: RHB Tomás Martínez 0-0: Ball
Carroll Martin steals 3rd base
Juan Cabrera to second
1-0: Intentional Walk
Batting: RHB Alan Elder 0-0: Foul Ball, location: 2F
0-1: Swinging Strike
0-2: Strikes out swinging
Batting: RHB Javier Rivera 0-0: Ball
1-0: Ball
2-0: Called Strike
2-1: DOUBLE (Line Drive, 7D)
Carroll Martin scores
Juan Cabrera scores
Tomás Martínez to third
Runner from 3rd tries for Home, SAFE, no throw
Batting: SHB Mitch Qualtrough 0-0: Ball
1-0: Ball
2-0: Ball
3-0: Base on Balls
Batting: LHB Fernando Ramírez 0-0: Ball
1-0: SINGLE (Groundball, 34D)
Javier Rivera to third
Mitch Qualtrough to second
Runner from 3rd tries for Home, SAFE, no throw
Batting: RHB Joey Jones 0-0: Called Strike
0-1: Ball
1-1: Ball
2-1: Swinging Strike
2-2: Strikes out swinging
Bottom of the 5th over - 5 run(s), 4 hit(s), 0 error(s), 2 left on base; Boston 1 - Richardson City 5
TOP OF THE 6TH
Boston Patriots batting - Pitching for Richardson City Thundercats : LHP Jesús Gonzáles
Batting: RHB John Downing 0-0: Called Strike
0-1: Ball
1-1: Ball
2-1: Called Strike
2-2: Foul Ball, location: 2F
2-2: Ball
3-2: Foul Ball, location: 2F
3-2: Foul Ball, location: 2F
3-2: Foul Ball, location: 2F
3-2: SOLO HOME RUN (Flyball, 78XD), Distance : 399 ft
Batting: RHB Terry Armstrong 0-0: Ball
1-0: Fly out, F8 (Line Drive, 8RM)
Pitching: RHP Dave Reed
Batting: RHB Karl Schultz 0-0: Ball
1-0: Called Strike
1-1: Foul Ball, location: 2F
1-2: Ground out 5-3 (Groundball, 56S)
Batting: RHB Kade Knowles 0-0: Ball
1-0: Ball
2-0: Foul Ball, location: 2F
2-1: Ground out 5-3 (Groundball, 56)
Top of the 6th over - 1 run(s), 1 hit(s), 0 error(s), 0 left on base; Boston 2 - Richardson City 5
BOTTOM OF THE 6TH
Richardson City Thundercats batting - Pitching for Boston Patriots : RHP John Kaufman
Batting: LHB Terrence Eler 0-0: Foul Ball, location: 2F
0-1: Swinging Strike
0-2: Strikes out swinging
Batting: LHB Carroll Martin 0-0: Swinging Strike
0-1: SINGLE (Flyball, 9LS)
Batting: RHB Juan Cabrera 0-0: Ball
1-0: Called Strike
1-1: Ball
2-1: Fielders Choice at 2nd, 6-4 (Groundball, 6)
Batting: RHB Tomás Martínez 0-0: Ball
Wild Pitch!
Juan Cabrera to second
1-0: Foul Ball, location: 2F
1-1: Ball
2-1: Ball
3-1: Called Strike
3-2: Strikes out looking
Bottom of the 6th over - 0 run(s), 1 hit(s), 0 error(s), 1 left on base; Boston 2 - Richardson City 5
TOP OF THE 7TH
Boston Patriots batting - Pitching for Richardson City Thundercats : RHP Ramón Ortega
Pitching: RHP Ramón Ortega
Batting: RHB Gabriel Maldonado 0-0: Ball
1-0: Ball
2-0: Called Strike
2-1: Foul Ball, location: 2F
2-2: Foul Ball, location: 2F
2-2: Strikes out looking
Batting: RHB Miguel Márquez 0-0: SINGLE (Groundball, 4MD)
Batting: LHB Alberto Enríquez 0-0: Called Strike
0-1: Swinging Strike
0-2: Ball
1-2: Hit by Pitch
Miguel Márquez to second
Batting: RHB Tamasaburo Kato 0-0: Foul Ball, location: 2F
0-1: Swinging Strike
0-2: Ball
1-2: SINGLE (Groundball, 6MD)
Miguel Márquez to third
Alberto Enríquez to second
Runner from 3rd tries for Home, SAFE, no throw
Batting: LHB Ramón Félix 0-0: Ball
1-0: Ball
2-0: Called Strike
2-1: Ball
3-1: Foul Ball, location: 2F
3-2: Base on Balls
Alberto Enríquez to third
Tamasaburo Kato to second
Batting: RHB John Downing 0-0: Called Strike
0-1: Ball
1-1: Ball
2-1: Ball
3-1: Called Strike
3-2: Foul Ball, location: 2F
3-2: Foul Ball, location: 2F
3-2: Foul Ball, location: 2F
3-2: Foul Ball, location: 2F
3-2: Fly out, F3 (Popup, 3L)
Batting: RHB Terry Armstrong 0-0: Called Strike
0-1: Foul Ball, location: 2F
0-2: Ground out 1-3 (Groundball, 13)
Top of the 7th over - 1 run(s), 2 hit(s), 0 error(s), 3 left on base; Boston 3 - Richardson City 5
BOTTOM OF THE 7TH
Richardson City Thundercats batting - Pitching for Boston Patriots : RHP John Kaufman
Batting: RHB Alan Elder 0-0: Ball
1-0: Ball
2-0: Ball
3-0: Fly out, F6 (Line Drive, 6M)
Batting: RHB Javier Rivera 0-0: Fly out, F7 (Line Drive, 7)
Batting: SHB Mitch Qualtrough 0-0: Ball
1-0: Foul Ball, location: 2F
1-1: Ball
2-1: Ball
3-1: Called Strike
3-2: Foul Ball, location: 2F
3-2: Base on Balls
Batting: LHB Fernando Ramírez 0-0: Ball
1-0: Swinging Strike
1-1: Ball
2-1: Ball
3-1: Base on Balls
Mitch Qualtrough to second
Batting: RHB Joey Jones 0-0: Ball
1-0: Ball
2-0: Called Strike
2-1: Foul Ball, location: 2F
2-2: Foul Ball, location: 2F
2-2: Ground out 3-1 (Groundball, 34)
Bottom of the 7th over - 0 run(s), 0 hit(s), 0 error(s), 2 left on base; Boston 3 - Richardson City 5
TOP OF THE 8TH
Boston Patriots batting - Pitching for Richardson City Thundercats : RHP Ramón Ortega
Batting: RHB Karl Schultz 0-0: Ball
1-0: Ball
2-0: Swinging Strike
2-1: SINGLE (Groundball, 6MD)
Batting: RHB Kade Knowles 0-0: Ball
1-0: Called Strike
1-1: SINGLE (Groundball, 56D)
Karl Schultz to second
Batting: RHB Gabriel Maldonado 0-0: SINGLE (Line Drive, 7LS)
Karl Schultz to third
Kade Knowles to second
Batting: RHB Miguel Márquez 0-0: Ball
1-0: Called Strike
1-1: Ball
2-1: Swinging Strike
2-2: Foul Ball, location: 2F
2-2: Ball
3-2: Base on Balls
Karl Schultz scores
Kade Knowles to third
Gabriel Maldonado to second
Pitching: LHP Javier Ramírez
Batting: LHB Alberto Enríquez 0-0: Called Strike
0-1: Called Strike
0-2: Strikes out swinging
Batting: RHB Tamasaburo Kato 0-0: Called Strike
0-1: Ball
1-1: Foul Ball, location: 2F
1-2: Ball
2-2: Foul Ball, location: 2F
2-2: Foul Ball, location: 2F
2-2: Foul Ball, location: 2F
2-2: Ball
3-2: Foul Ball, location: 2F
3-2: GRAND SLAM HOME RUN (Flyball, 78XD), Distance : 420 ft
Pitching: RHP Emílio Zaragoza
Batting: LHB Ramón Félix 0-0: Ball
1-0: Swinging Strike
1-1: Called Strike
1-2: Foul Ball, location: 2F
1-2: Ball
2-2: Foul Ball, location: 2F
2-2: Foul Ball, location: 2F
2-2: Ball
3-2: Base on Balls
Batting: RHB John Downing 0-0: Ball
1-0: Ball
2-0: SINGLE (Groundball, 6) (infield hit)
Ramón Félix to second
Batting: RHB Terry Armstrong 0-0: Ball
1-0: Foul Ball, location: 2F
1-1: Ball
2-1: Ball
3-1: Called Strike
3-2: Foul Ball, location: 2F
3-2: Base on Balls
Ramón Félix to third
John Downing to second
Batting: RHB Karl Schultz 0-0: Ball
1-0: Foul Ball, location: 2F
1-1: Foul Ball, location: 2F
1-2: Ball
2-2: Foul Ball, location: 2F
2-2: Fly out, F8 (Flyball, 8LXD)
Runner from 3rd tags up, SCORES, no throw
Batting: RHB Kade Knowles 0-0: Foul Ball, location: 2F
0-1: Ball
1-1: Fly out, F3 (Popup, 3D)
Top of the 8th over - 6 run(s), 5 hit(s), 0 error(s), 2 left on base; Boston 9 - Richardson City 5
BOTTOM OF THE 8TH
Richardson City Thundercats batting - Pitching for Boston Patriots : RHP John Kaufman
Batting: LHB Terrence Eler 0-0: Ground out U3 (Groundball, 34S)
Batting: LHB Carroll Martin 0-0: Ball
1-0: Ball
2-0: Called Strike
2-1: Foul Ball, location: 2F
2-2: Ground out U3 (Groundball, 34)
Batting: RHB Juan Cabrera 0-0: Ground out 6-3 (Groundball, 6)
Bottom of the 8th over - 0 run(s), 0 hit(s), 0 error(s), 0 left on base; Boston 9 - Richardson City 5
TOP OF THE 9TH
Boston Patriots batting - Pitching for Richardson City Thundercats : RHP Emílio Zaragoza
Batting: RHB Gabriel Maldonado 0-0: Called Strike
0-1: Swinging Strike
0-2: Strikes out swinging
Batting: RHB Miguel Márquez 0-0: Called Strike
0-1: Ball
1-1: Fly out, F9 (Flyball, 89M)
Batting: LHB Alberto Enríquez 0-0: Swinging Strike
0-1: Ground out 4-3 (Groundball, 4)
Top of the 9th over - 0 run(s), 0 hit(s), 0 error(s), 0 left on base; Boston 9 - Richardson City 5
BOTTOM OF THE 9TH
Richardson City Thundercats batting - Pitching for Boston Patriots : RHP John Kaufman
Pitching: RHP Kyung-un Yi
Batting: RHB Tomás Martínez 0-0: Called Strike
0-1: Called Strike
0-2: Ball
1-2: Ball
2-2: Foul Ball, location: 2F
2-2: Strikes out swinging
Batting: RHB Alan Elder 0-0: Called Strike
0-1: Swinging Strike
0-2: Strikes out looking
Batting: RHB Javier Rivera 0-0: Ball
1-0: Foul Ball, location: 2F
1-1: Ball
2-1: Fly out, F5 (Popup, 5L)
Bottom of the 9th over - 0 run(s), 0 hit(s), 0 error(s), 0 left on base; Boston 9 - Richardson City 5
Saturday, May 26th, 2018 - OOTP Baseball 17.12 Build 75